 Dungeon Crawl Stone Soup version 0.30.0-18-gc0e69614cb (webtiles) character file.

Game seed: 12929350169661464582

30 monsoonserge the Sneak (level 3, -6/16 HPs)
             Began as a Vine Stalker Enchanter on May 24, 2023.
             Mangled by a gnoll
             ... wielding a +0 halberd
              (10 damage)
             ... on level 2 of the Dungeon.
             The game lasted 00:03:04 (937 turns).

monsoonserge the Sneak (Vine Stalker Enchanter)      Turns: 937, Time: 00:03:05

Health: -6/16      AC:  3    Str: 10    XL:     3   Next: 18%
Magic:  0/7        EV: 11    Int: 17    God:
Gold:   61         SH:  0    Dex: 14    Spells: 1/6 levels left

rFire   . . .        a - +1 dagger
rCold   . . .        (no shield)
rNeg    . . .        m - +0 leather armour
rPois   .            (no helmet)
rElec   .            (no cloak)
rCorr   .            (no gloves)
SInv    .            (no boots)
Will    .....        (no amulet)
Stlth   ++           (no ring)
HPRegen 0.22/turn    (no ring)
MPRegen 0.10/turn

%: guardian spirit
@: very slightly contaminated, invisible
A: fangs 2, magic shield, antimagic bite, no potion heal 2
a: no special abilities


You were on level 2 of the Dungeon.
You visited 1 branch of the dungeon, and saw 2 of its levels.

You collected 61 gold pieces.

Inventory:

Hand Weapons
 a - a +1 dagger (weapon)
Missiles
 e - 5 datura-tipped darts (quivered)
 h - a throwing net
 i - 11 boomerangs
 n - 3 stones
Armour
 b - a +0 robe
 m - a +0 leather armour (worn)
Scrolls
 d - 3 scrolls of teleportation {unknown}
 g - 2 scrolls of enchant armour {unknown}
 j - 4 scrolls of noise {unknown}
 o - a scroll of fog {unknown}
Potions
 c - a potion of invisibility
 f - 2 potions of haste {unknown}
 k - a potion of might {unknown}
 l - a potion of attraction {unknown}


   Skills:
 + Level 1.1 Short Blades
 + Level 1.8 Dodging
 + Level 4.2 Stealth
 + Level 2.4 Spellcasting
 + Level 3.3 Hexes
 * Level 0.3 Ice Magic


You had one spell level left.
You knew the following spells:

 Your Spells              Type           Power      Damage    Failure   Level
a - Ensorcelled Hibernat  Hex/Ice        16%        N/A       19%         2
b - Confusing Touch       Hex            13%        N/A       19%         3

Your spell library contained the following spells:

 Spells                   Type           Power      Damage    Failure   Level
 Tukima's Dance           Hex            13%        N/A       19%         3
 Dazzling Flash           Conj/Hex       14%        N/A       36%         3


Dungeon Overview and Level Annotations

Branches:
Dungeon (2/15)

Altars:
Cheibriados


Innate Abilities, Weirdness & Mutations

You have extremely sharp teeth.
When hurt, damage is shared between your health and your magic reserves.
Your bite disrupts and absorbs the magic of your enemies.
Potions cannot restore your health.


Message History

a +0 club; 5 stones; a +0 robe
Casting: Ensorcelled Hibernation (safe; 19% risk of failure)
Confirm with . or Enter, or press ? or * to list all spells.
Aiming: Ensorcelled Hibernation (safe; 19% risk of failure)
Press: ? - help, Shift-Dir - straight line, f - worm
Aim: a worm (chance to affect: 50%)
The worm looks drowsy...
The helpless worm fails to defend itself.
You impale the worm!!
You kill the worm!
Your Short Blades skill increases to level 1!
You see here a worm corpse.
Found 8 gold pieces.
Found a snail-covered altar of Cheibriados.
A gnoll comes into view. It is wielding a +0 halberd.
A gnoll comes into view. It is wielding a +0 flail.
The gnoll shouts! x2; You hear a shout!
A gnoll comes into view. It is wielding a +0 halberd.
The gnoll hits you from afar with a +0 halberd.
The gnoll closely misses you. The gnoll attacks as you move away!
The gnoll hits you with a +0 flail. The gnoll attacks as you move away!
The gnoll hits you with a +0 flail.
Casting: Ensorcelled Hibernation (safe; 19% risk of failure)
Confirm with . or Enter, or press ? or * to list all spells.
Aiming: Ensorcelled Hibernation (safe; 19% risk of failure)
Press: ? - help, Shift-Dir - straight line, f - gnoll
Aim: a gnoll, wielding a +0 flail (chance to affect: 50%)
You miscast Ensorcelled Hibernation.
You are very lightly contaminated with residual magic.
Nothing appears to happen.
The gnoll barely misses you.
The gnoll hits you from afar with a +0 halberd.
* * * LOW HITPOINT WARNING * * *
Casting: Ensorcelled Hibernation (safe; 19% risk of failure)
Confirm with . or Enter, or press ? or * to list all spells.
You don't have enough magic to cast this spell.
Unknown command.
You fade into invisibility!
The gnoll hits you from afar with a +0 halberd!
Ouch! That really hurt!
You die...

#############
#...........#
#.#########.#
#.# #.# #@#
#.# #g#
######.######
#####g##
#............
#....g.#
#.####.######
#......# #.#
#....._$.#
#.#
#.##.......#
... #
.......#.#
###
##...#####^.


You could see 3 gnolls.

Vanquished Creatures
  A worm (D:2)
  2 dart slugs (D:2)
  2 ball pythons
  2 goblins (D:1)
  4 hobgoblins
  A quokka (D:2)
  4 bats (D:1)
  2 frilled lizards (D:1)
  3 kobolds
  2 rats
23 creatures vanquished.

Notes
Turn   | Place    | Note
-------+----------+-------------------------------------------
     0 | D:1      | monsoonserge the Vine Stalker Enchanter began the quest for
                  | the Orb.
     0 | D:1      | Reached XP level 1. HP: 9/9 MP: 4/4
   307 | D:1      | Reached XP level 2. HP: 13/13 MP: 6/6
   315 | D:1      | Learned a level 2 spell: Ensorcelled Hibernation
   577 | D:1      | Reached skill level 4 in Stealth
   871 | D:2      | Reached XP level 3. HP: 16/16 MP: 7/7
   897 | D:2      | Learned a level 3 spell: Confusing Touch
   901 | D:2      | Reached skill level 1 in Short Blades
   924 | D:2      | Found a snail-covered altar of Cheibriados.
   937 | D:2      | Mangled by a gnoll

Illustrated notes

Levels and vault maps discovered:
D:1:      dpeg_arrival_fog, layout_loops_ring
D:2:      layout_loops_ring, basic_altar, minmay_tetromino_o2

Skill      XL: |  1  2  3 |
---------------+----------+-----
Stealth        | 4 |  4.2
Short Blades   | 1 |  1.1
Dodging        | |  1.8
Spellcasting   | |  2.4
Hexes          | |  3.3
Ice Magic      | |  0.3

Action                     || total
---------------------------++-------
  Melee: Dagger            ||    44
         Bite              ||     8
         Punch             ||     1
   Cast: Ensorcelled Hiber ||    11
    Use: Potion            ||     1
   Stab: Sleeping          ||    13
 Armour: Robe              ||     8
         Leather armour    ||     5
  Dodge: Dodged            ||    25
